 Dungeon Crawl Stone Soup version 0.29.1-13-g9f3cf754e1 (webtiles) character file.

Game seed: 14405727861904715563

104 H0rd4k the Charlatan (level 4, -2/29 HPs)
             Began as an Octopode Artificer on Feb 7, 2023.
             Slain by a hobgoblin
             ... wielding a +0 club
             ... led by Robin
              (5 damage)
             ... on level 3 of the Dungeon on Feb 8, 2023.
             The game lasted 00:01:59 (2275 turns).

H0rd4k the Charlatan (Octopode Artificer)           Turns: 2275, Time: 00:02:00

Health: -2/29      AC:  5    Str: 11    XL:     4   Next: 80%
Magic:  7/7        EV: 13    Int: 15    God:
Gold:   178        SH:  0    Dex: 12    Spells: 5/7 levels left

rFire   . . .      SeeInvis .     - Unarmed
rCold   . . .      Faith    .   (no shield)
rNeg    . . .      Spirit   .   (helmet restricted)
rPois   .          Reflect  .   (no amulet)
rElec   .          Harm     .   i - +4 ring of protection
rCorr   .          Rampage  .   v - ring of willpower
Will    +....                   (no ring)
Stlth   +++.......              (no ring)
HPRegen 0.09/turn               (no ring)
MPRegen 0.10/turn               (no ring)
                                (no ring)
                                (no ring)

@: lethally poisoned (-2 -> -15)
A: almost no armour, amphibious, 8 rings, camouflage 1, gelatinous body 1,
(nimble swimmer 1), tentacles
a: no special abilities


You were on level 3 of the Dungeon.
You visited 1 branch of the dungeon, and saw 3 of its levels.

You collected 178 gold pieces.

Inventory:

Jewellery
 i - a +4 ring of protection (left tentacle)
 v - a ring of willpower (right tentacle)
 w - a +6 ring of intelligence
Wands
 b - a wand of flame (36) (quivered)
 c - a wand of charming (13)
 d - a wand of iceblast (5)
Scrolls
 e - 2 scrolls of vulnerability {unknown}
 f - 4 scrolls of identify {unknown}
 g - a scroll of noise {unknown}
 j - a scroll of torment {unknown}
 m - a scroll of fear {unknown}
 n - a scroll of fog {unknown}
 p - a scroll of magic mapping {unknown}
 q - a scroll of amnesia {unknown}
 s - a scroll of blinking {unknown}
 t - a scroll of teleportation {unknown}
Potions
 a - a potion of attraction {unknown}
 h - a potion of curing {unknown}
 k - a potion of brilliance {unknown}
 l - a potion of heal wounds {unknown}
 o - a potion of resistance {unknown}
 r - a potion of lignification {unknown}
 u - a potion of haste {unknown}


   Skills:
 + Level 2.1 Fighting
 - Level 2.3 Dodging
 - Level 1.3 Stealth
 - Level 1.2 Unarmed Combat
 * Level 2.3 Spellcasting
 * Level 2.1 Poison Magic
 - Level 3.2 Evocations


You had 5 spell levels left.
You knew the following spells:

 Your Spells              Type           Power      Damage    Failure   Level
a - Poisonous Vapours     Pois/Air       10%        N/A       21%         2

Your spell library contained the following spells:

 Spells                   Type           Power      Damage    Failure   Level
 Freeze                   Ice            4%         1d3       22%         1
 Ensorcelled Hibernation  Hex/Ice        2%         N/A       32%         2
 Passwall                 Tmut/Erth      0%         N/A       32%         2
 Gell's Gravitas          Tloc           1%         N/A       54%         3
 Lesser Beckoning         Tloc           1%         N/A       54%         3
 Swiftness                Air            1%         N/A       54%         3
 Teleport Other           Tloc           1%         N/A       54%         3
 Metabolic Englaciation   Hex/Ice        0%         N/A       99%         5
 Silence                  Hex/Air        0%         N/A       99%         5


Dungeon Overview and Level Annotations

Branches:
Dungeon (3/15)

Altars:


Innate Abilities, Weirdness & Mutations

You cannot wear most types of armour.
You are amphibious.
You can wear up to eight rings at the same time.
Your skin changes colour to match your surroundings (Stealth+).
Your rubbery body absorbs attacks. (AC +1, EV +1)
((You are camouflaged when in or above water. (Stealth+)))
You have tentacles for arms and can constrict up to eight enemies at once.


Message History

The hobgoblin barely misses you.
You tentacle-slap the hobgoblin.
You kill the hobgoblin!
Your Poison Magic skill increases to level 2!
You tentacle-slap Robin. You grab Robin. You squeeze Robin.
Robin is heavily wounded.
You constrict Robin. Robin throws the goblin at you! The goblin misses you.
You tentacle-slap Robin but do no damage.
Robin is heavily wounded.
You constrict Robin. Robin throws the goblin at you!
The goblin completely misses you.
You tentacle-slap Robin but do no damage.
Robin is severely wounded.
You constrict Robin, but do no damage.
Robin roars a battlecry!
The goblins go into a battle-frenzy!
The goblin hits you with a +2 dagger of venom!
You are poisoned.
The goblin hits you but does no damage.
You tentacle-slap Robin. You squeeze Robin.
You kill Robin!
You feel very sick.
The goblin hits you with a +2 dagger of venom.
You are lethally poisoned!
The goblin hits you with a +0 dagger.
Unknown command.
You barely miss the goblin. Your grab misses the goblin.
Your squeeze misses the goblin.
* * * LOW HITPOINT WARNING * * *
You feel very sick. The hobgoblin barely misses you.
The goblin hits you with a +2 dagger of venom.
* * * LOW HITPOINT WARNING * * *
The goblin hits you but does no damage.
You completely miss the goblin. Your grab misses the goblin.
* * * LOW HITPOINT WARNING * * *
You feel very sick. The goblin barely misses you.
The goblin completely misses you. The hobgoblin hits you with a +0 club.
You die...

#..# #######.#
#..## ##.......#
#..†####..#######
#.#))##..##
#.##.#..##
#.##.).## # #
#.....##...
#.##.##g#...#
####...gg@...#
.......g##g.##
###...#.###.#
.....##g# .#
.###. #g# # .


gg# .. .g# ## g.# ...# You could see 2 hobgoblins and 3 goblins.

Vanquished Creatures
  Robin (D:3)
  An adder (D:2)
  A worm (D:3)
  2 dart slugs
  4 endoplasms
  6 goblins
  4 hobgoblins
  3 kobolds
  2 quokkas
  6 ball pythons
  2 bats
  4 frilled lizards
  A rat (D:1)
37 creatures vanquished.

Vanquished Creatures (collateral kills)
  Jessica (D:3)
  3 orcs (D:3)
  An endoplasm (D:3)
  A goblin (D:3)
  A rat (D:3)
7 creatures vanquished.

Vanquished Creatures (others)
  An orc wizard (D:3)
1 creature vanquished.

Grand Total: 45 creatures vanquished

Notes
Turn   | Place    | Note
-------+----------+-------------------------------------------
     0 | D:1      | H0rd4k the Octopode Artificer began the quest for the Orb.
     0 | D:1      | Reached XP level 1. HP: 13/13 MP: 1/1
   593 | D:1      | Reached XP level 2. HP: 17/18 MP: 2/2
   751 | D:1      | Got the Treatise on the Polar Sky
   911 | D:1      | Reached skill level 1 in Spellcasting
  1380 | D:2      | Reached skill level 1 in Unarmed Combat
  1380 | D:2      | Reached XP level 3. HP: 17/24 MP: 3/5
  1499 | D:2      | Found a faded altar of an unknown god.
  2025 | D:2      | Learned a level 2 spell: Poisonous Vapours
  2081 | D:3      | Noticed Jessica
  2104 | D:3      | Killed Jessica
  2105 | D:3      | Reached skill level 1 in Poison Magic
  2105 | D:3      | Reached XP level 4. HP: 25/29 MP: 5/7
  2261 | D:3      | Noticed Robin
  2273 | D:3      | Killed Robin
  2275 | D:3      | Slain by a hobgoblin

Illustrated notes

Levels and vault maps discovered:
D:1:      eino_arrival_cavern_e, layout_loops_ring, minmay_pentomino_p2
D:2:      layout_basic, hellmonk_ecumenical_altar_pennies_from_heaven,
          kennysheep_small_spiral, wad_floor_pattern_untrapped
D:3:      layout_rooms, lemuel_round_altar, uniq_jessica, uniq_robin, uniq_ijyb

Skill      XL: |  1  2  3  4 |
---------------+-------------+-----
Spellcasting   | 1 2 |  2.3
Fighting       | 2 |  2.1
Unarmed Combat | 1 |  1.2
Poison Magic   | 1 2 |  2.1
Dodging        | |  2.3
Stealth        | |  1.3
Evocations     | |  3.2

Action                   |  1- 3 |  4- 6 || total
-------------------------+-------+-------++-------
Melee: Unarmed           |    80 |    20 ||   100
       Constrict         |    15 |     6 ||    21
       Tentacles         |    10 |     7 ||    17
       Punch             |     1 |     1 ||     2
Evoke: Wand              |     1 |     1 ||     2
 Stab: Sleeping          |    10 |       ||    10
Armor: Skin              |     9 |     7 ||    16
Dodge: Dodged            |    45 |    16 ||    61
